 Dungeon Crawl Stone Soup version 0.26.0-10-g1f06aea511 (webtiles) character file.

Game seed: 12132711088884451498

1875 Amaterasu the Grappler (level 9, -9/78 HPs)
             Began as a Ghoul Monk on Feb 6, 2021.
             Was a Priest of Okawaru.
             Killed by divine providence
             ... invoked by an orc priest
              (11 damage)
             ... on level 7 of the Dungeon.
             The game lasted 00:10:36 (7552 turns).

Amaterasu the Grappler (Ghoul Monk)                 Turns: 7552, Time: 00:10:36

Health: -9/78      AC: 12    Str: 18    XL:     9   Next: 14%
Magic:  11/11      EV: 12    Int:  5    God:    Okawaru [***...]
Gold:   289        SH:  0    Dex: 11    Spells: 8/8 levels left

rFire    . . .     SeeInvis .     - Unarmed
rCold    + . .     Faith    .   (no shield)
rNeg     + + +     Spirit   .   m - +0 chain mail
rPois    ∞         Reflect  .   c - +1 helmet
rElec    .         Harm     .   p - +0 cloak
rCorr    .         Rampage  .   (no gloves)
Will     .....                  (no boots)
Stlth    ..........             q - amulet of magic regeneration
HPRegen  0.00/turn              s - +4 ring of evasion
MPRegen  0.37/turn              (no ring)

@: no status effects
A: claws 1, cold resistance 1, negative energy resistance 3, inhibited
regeneration, torment resistance, unbreathing
a: Renounce Religion, Heroism


You were on level 7 of the Dungeon.
You worshipped Okawaru.
Okawaru was most pleased with you.
You visited 2 branches of the dungeon, and saw 8 of its levels.

You collected 289 gold pieces.

Inventory:

Missiles
 j - 24 bolts
Armour
 c - a +1 helmet (worn)
 m - a +0 chain mail (worn)
 p - a +0 cloak (worn)
Jewellery
 q - an amulet of magic regeneration (around neck)
 s - a +4 ring of evasion (left claw)
Wands
 b - a wand of digging (5)
Scrolls
 a - a scroll of enchant weapon
 e - a scroll of remove curse
 i - a scroll of immolation
 k - 2 scrolls of magic mapping
 n - a scroll of fear {unknown}
 t - a scroll of blinking
Potions
 f - 2 potions of brilliance {unknown}
 g - a potion of degeneration {unknown}
 h - 5 potions of curing {unknown}
 l - a potion of might
 o - a potion of attraction {unknown}
 r - 2 potions of magic {unknown}


   Skills:
 * Level 6.6 Fighting
 - Level 4.0 Armour
 - Level 4.0 Dodging
 - Level 2.1 Stealth
 * Level 8.9 Unarmed Combat
 * Level 4.4 Invocations


You had 8 spell levels left.
You didn't know any spells.
Your spell library contained the following spells:

 Spells                   Type           Power        Failure   Level
 Animate Skeleton         Necr           0%           100%        1
 Magic Dart               Conj           0%           100%        1
 Pain                     Necr           0%           100%        1
 Poisonous Vapours        Pois/Air       0%           100%        2
 Searing Ray              Conj           0%           100%        2
 Confusing Touch          Hex            0%           100%        3
 Dazzling Flash           Conj/Hex       0%           100%        3
 Gell's Gravitas          Tloc           0%           100%        3
 Summon Guardian Golem    Hex/Summ       0%           100%        3
 Vampiric Draining        Necr           0%           100%        3
 Animate Dead             Necr           0%           100%        4
 Fulminant Prism          Conj/Hex       0%           100%        4
 Iskenderun's Mystic Bla  Conj/Tloc      0%           100%        4
 Petrify                  Tmut/Erth      0%           100%        4
 Agony                    Necr           0%           100%        5
 Metabolic Englaciation   Hex/Ice        0%           100%        5
 Summon Demon             Summ           0%           100%        5
 Yara's Violent Unravell  Hex/Tmut       0%           100%        5
 Spellforged Servitor     Conj/Summ      0%           100%        7
 Beastly Appendage        Tmut           Unusable     N/A         1
 Wereblood                Tmut           Unusable     N/A         2
 Spider Form              Tmut/Pois      Unusable     N/A         3
 Ice Form                 Ice/Tmut       Unusable     N/A         4
 Blade Hands              Tmut           Unusable     N/A         5

Dungeon Overview and Level Annotations

Branches:
Dungeon (7/15)             Temple (1/1) D:4

Altars:
Ashenzari
Cheibriados
Dithmenos
Elyvilon
Fedhas
Gozag
Kikubaaqudgha
Makhleb
Nemelex Xobeh
Okawaru
Qazlal
Ru
Trog
Uskayaw
Vehumet
Wu Jian
Xom
Zin
The Shining One

Annotations:
D:3 2 transporters
D:5 1 runed translucent door
D:6 exclusion: oklob plant


Innate Abilities, Weirdness & Mutations

You thrive by killing the living.
You are immune to poison.
You have sharp fingernails.
Your flesh is cold resistant. (rC+)
You are immune to negative energy. (rN+++)
You do not regenerate when monsters are visible.
You are immune to unholy pain and torment.
You can survive without breathing.


Message History

You barely miss the orc warrior.
The orc warrior is severely wounded.
The orc warrior closely misses you.
You scratch the orc warrior but do no damage.
The orc warrior is severely wounded.
The orc warrior hits you with a +0 dire flail!
* * * LOW HITPOINT WARNING * * *
You closely miss the orc warrior. Your claw misses the orc warrior.
The orc warrior is severely wounded.
You closely miss the orc warrior.
The orc warrior is severely wounded.
The orc warrior hits you with a +0 dire flail!
* * * LOW HITPOINT WARNING * * *
You scratch the orc warrior but do no damage.
The orc warrior is severely wounded.
The orc warrior hits you with a +0 dire flail.
* * * LOW HITPOINT WARNING * * *
The orc priest calls down the wrath of Beogh upon you.
Beogh smites you!
You die...

###### #....#
#....# #....#
#....# #....#
#....#########
#.>..woo@....##
#....#######..##
#....# ##..#####
#.>..#
##..#..####
.....##
#..#.....##
..[...#
#....#.#..##
........
##.#....#...
.....w..
.#....#.####
........####


You could see an orc warrior, an orc priest and a dart slug.

Vanquished Creatures
  Maggie (D:7)
  2 sky beasts
  2 orc warriors
  An ogre (D:5)
  2 centaurs (D:5)
  Blork the orc (D:4)
  2 bullfrogs
  A water moccasin skeleton (D:6)
  A howler monkey (D:6)
  A jelly (D:7)
  A centaur skeleton (D:6)
  4 orc priests
  Crazy Yiuf (D:4)
  2 hounds
  4 orc wizards
  Jessica (D:3)
  2 worker ants
  A worker ant zombie (D:5)
  Robin (D:2)
  10 adders
  2 ufetubi (D:5)
  2 adder skeletons
  4 worms
  3 dart slugs
  7 leopard geckos
  14 orcs
  2 ball pythons
  3 giant cockroaches
  10 hobgoblins
  7 jackals
  4 quokkas
  9 bats
  6 frilled lizards
  16 goblins
  A jackal skeleton (D:5)
  11 kobolds
  2 leopard gecko zombies (D:5)
  A quokka skeleton (D:6)
  8 rats
153 creatures vanquished.

Vanquished Creatures (others)
  5 fungi (D:4)
  2 plants (D:2)
7 creatures vanquished.

Grand Total: 160 creatures vanquished

Notes
Turn   | Place    | Note
-------+----------+-------------------------------------------
     0 | D:1      | Amaterasu the Ghoul Monk began the quest for the Orb.
     0 | D:1      | Reached XP level 1. HP: 19/19 MP: 0/0
   108 | D:1      | Reached XP level 2. HP: 27/27 MP: 1/1
   649 | D:1      | Reached XP level 3. HP: 33/33 MP: 2/2
   927 | D:2      | Found a white marble altar of Elyvilon.
   927 | D:2      | Found a bloodstained altar of Trog.
   927 | D:2      | Found a shadowy altar of Dithmenos.
   927 | D:2      | Noticed Robin
   939 | D:2      | Reached skill level 4 in Unarmed Combat
   962 | D:2      | Killed Robin
  1072 | D:2      | Reached XP level 4. HP: 37/41 MP: 3/3
  1860 | D:3      | Noticed an orc warrior
  1875 | D:2      | Reached skill level 5 in Unarmed Combat
  1875 | D:2      | Reached XP level 5. HP: 22/47 MP: 4/4
  2048 | D:3      | Found a broken altar of Ashenzari.
  2226 | D:3      | Reached skill level 5 in Fighting
  2609 | D:3      | Found a transporter.
  2651 | D:3      | Reached skill level 6 in Unarmed Combat
  2651 | D:3      | Reached XP level 6. HP: 55/56 MP: 5/5
  2722 | D:3      | Killed an orc warrior
  2910 | D:3      | Found a transporter.
  2954 | D:3      | Noticed Jessica
  2963 | D:3      | Killed Jessica
  2964 | D:3      | Reached skill level 1 in Armour
  3227 | D:4      | Reached XP level 7. HP: 63/63 MP: 6/6
  3351 | D:4      | Found a staircase to the Ecumenical Temple.
  3360 | Temple   | Entered the Ecumenical Temple
  3468 | Temple   | Became a worshipper of Warmaster Okawaru
  3468 | Temple   | Reached * piety under Okawaru
  3468 | Temple   | Reached ** piety under Okawaru
  3550 | D:4      | Noticed Blork the orc
  3556 | D:4      | Killed Blork the orc
  3618 | D:4      | Reached skill level 1 in Invocations
  4163 | D:4      | Found a runed translucent door.
  4164 | D:4      | Noticed Crazy Yiuf
  4171 | D:4      | Killed Crazy Yiuf
  4410 | D:5      | Entered Level 5 of the Dungeon
  4594 | D:5      | Identified Xunlaso's Incunabulum of Supportive Envenoming
  4685 | D:5      | Found a runed translucent door.
  4685 | D:5      | Found a glowing silver altar of Zin.
  4685 | D:5      | Noticed an angel
  4819 | D:5      | Reached XP level 8. HP: 34/70 MP: 8/8
  5467 | D:6      | Found a snail-covered altar of Cheibriados.
  5570 | D:6      | Reached *** piety under Okawaru
  6133 | D:6      | Reached skill level 7 in Unarmed Combat
  6140 | D:6      | Found a blossoming altar of Fedhas.
  6151 | D:6      | Noticed an oklob plant
  6978 | D:7      | Noticed Maggie
  7288 | D:7      | Killed Maggie
  7289 | D:7      | Reached skill level 8 in Unarmed Combat
  7289 | D:7      | Reached XP level 9. HP: 76/78 MP: 9/11
  7552 | D:7      | HP: 2/78 [orc warrior/+0 dire flail (3)]
  7552 | D:7      | Killed from afar by an orc priest

Illustrated notes

Levels and vault maps discovered:
D:1:      dpeg_chamrin_arrival_tetris, layout_basic
D:2:      layout_loops_ring, gammafunk_temple_overflow_forgotten, minivault_5,
          uniq_robin
D:3:      gammafunk_wand_slinger, layout_loops_ring, evilmike_ruin_ashenzari,
          uniq_jessica
D:4:      layout_loops_cross, minmay_temple_entry_sparse_star, serial_forest,
          infiniplex_forest_straight_2, infiniplex_forest_end_1,
          infiniplex_forest_straight_5, infiniplex_forest_lined_3,
          infiniplex_forest_straight_1, infiniplex_forest_straight_2,
          infiniplex_forest_straight_5, infiniplex_forest_zigzag_1,
          uniq_blork_the_orc, uniq_crazy_yiuf_cottage
D:5:      layout_gridville, lemuel_angel_altar
D:6:      mumra_celtic_spiral_tile, layout_basic, tgw_fedhas,
          serial_corexii_hall, corexii_hall_statues_s, corexii_hall_statues_x,
          basic_altar, lemuel_old_faithful
D:7:      kennysheep_slugbush, layout_rooms, uniq_duvessa, uniq_maggie
Temple:   dpeg_five_rooms_temple

Skill      XL: |  1  2  3  4  5  6  7  8 |
---------------+-------------------------+-----
Fighting       | 4 5 6 |  6.6
Unarmed Combat | 4 5 6 8 |  8.9
Armour         | 1 3 4 |  4.0
Dodging        | 3 4 |  4.0
Invocations    | 2 4 |  4.4
Stealth        | |  2.1

Action                   |  1- 3 |  4- 6 |  7- 9 || total
-------------------------+-------+-------+-------++-------
Melee: Unarmed           |    82 |   143 |   294 ||   519
       Punch             |     2 |     4 |    12 ||    18
Invok: Heroism           |       |       |     1 ||     1
  Use: Scroll            |     4 |     4 |     3 ||    11
       Potion            |     1 |       |     1 ||     2
 Stab: Sleeping          |     2 |     1 |       ||     3
Armor: Robe              |    12 |    10 |       ||    22
       Leather armour    |       |    22 |       ||    22
       Ring mail         |       |       |    28 ||    28
       Chain mail        |       |       |   105 ||   105
Dodge: Dodged            |    56 |    71 |   155 ||   282
